[Event "Malmo Open 2021"]
[Site "Malmo Radhus, Stortorget 2, Malmo, Sweden"]
[Date "2021.12.18"]
[Round "5.6"]
[White "Poley, Vladimir"]
[Black "Tornberg, Carlos"]
[Result "1-0"]
[WhiteElo "2323"]
[BlackElo "1990"]
[ECO "A05"]
[TimeControl "15 minutes + 5 seconds per move from move one (Round 1 - 4) / 90 minutes + 30 seconds per move from move one (Round 5 - 8)"]
[WhiteTitle "IM"]
[WhiteFideId "13500090"]
[BlackFideId "1733478"]

1.Nf3 Nf6 2.g3 c5 3.Bg2 g6 4.O-O Bg7 5.e3 O-O 6.d4 b6 7.Ne5 d5 8.c4 Bb7 9.
Nc3 e6 10.Qc2 Qe7 11.dxc5 bxc5 12.b3 dxc4 13.Bxb7 Qxb7 14.Nxc4 Nc6 15.Bb2 
Nb4 16.Qe2 h5 17.Rfd1 Nbd5 18.Qf3 Rab8 19.Na4 Nd7 20.Bxg7 Kxg7 21.Rac1 Qc7
22.e4 N5b6 23.Qc3+ Kg8 24.Nab2 Rfd8 25.Nd6 Nd5 26.exd5 Qxd6 27.Nc4 Qe7 28.
dxe6 Qxe6 29.Rd6 Qe8 30.Re1 Qf8 31.Ra6 Rb7 32.Na5 Rc7 33.Nc6 Nb8 34.Nxb8 
Rxb8 35.Qe5 Rbc8 36.Qd5 Kh7 37.Re4 Rd8 38.Qe5 Rd1+ 39.Kg2 Qa8 40.Rf6 Qb7 
41.Rf3 Rd5 42.Qf6 Rf5 43.Rxf5 Qxe4+ 44.Rf3 Rd7 45.h3 Kg8 46.Kh2 Qe7 47.Qc3
Qe2 48.Rf4 Rd1 49.Qf6 Rd7 50.Qc6 Qe7 51.Re4 Qd6 52.Re8+ Kh7 53.Qxd6 Rxd6 
54.Re7 Ra6 55.Rxf7+ Kg8 56.Rc7 Rxa2 57.Kg2 Rb2 58.Rxc5 Rxb3 59.Rc8+ Kg7 
60.Rc7+ Kf6 61.Rxa7 Rc3 62.Ra6+ Kf5 63.Ra8 Rb3 64.Rf8+ Kg5 65.Rf3 Rb1 66.
Ra3 Rc1 67.Kf3 Rc2 68.Ke3 Rb2 69.Rd3 Ra2 70.Rd5+ Kf6 71.f3 Rh2 72.Rd6+ Kf5
73.g4+ hxg4 74.hxg4+ Kg5 75.Rd5+ Kf6 76.Kf4 Ra2 77.Rd6+ Kf7 78.Kg5 Ra5+ 
79.Kh6 Ra3 80.f4 Ra4 81.Rd7+ Ke6 82.Rg7 Rxf4 83.g5 Rf1 84.Kxg6 Rg1 85.Rg8 
Ke7 86.Kh7 Rh1+ 87.Kg7 Rg1 88.g6 Ra1 89.Rf8 Rg1 90.Rf4 Rg2 91.Re4+ Kd8 92.
Kf7 Rf2+ 93.Kg8 Rf5 94.g7 Rf1 95.Kh7 Rh1+ 96.Kg6 1-0

[Event "Malmo Open 2021"]
[Site "Malmo Radhus, Stortorget 2, Malmo, Sweden"]
[Date "2021.12.18"]
[Round "5.7"]
[White "Nylen, Anders"]
[Black "Hillarp Persson, Tiger"]
[Result "0-1"]
[WhiteElo "2173"]
[BlackElo "2520"]
[ECO "A43"]
[TimeControl "15 minutes + 5 seconds per move from move one (Round 1 - 4) / 90 minutes + 30 seconds per move from move one (Round 5 - 8)"]
[BlackTitle "GM"]
[WhiteFideId "1701207"]
[BlackFideId "1700812"]

1.d4 e6 2.c4 c5 3.d5 exd5 4.cxd5 d6 5.Nc3 g6 6.e4 Bg7 7.f3 Nh6 8.Bf4 f5 9.
Qd2 Nf7 10.Bb5+ Nd7 11.exf5 gxf5 12.Nh3 O-O 13.O-O a6 14.Be2 b5 15.Ng5 
Nxg5 16.Bxg5 Qe8 17.Rae1 Qg6 18.Be7 b4 19.Nd1 Re8 20.Qg5 Qxg5 21.Bxg5 Nb6 
22.Bd3 Bd7 23.b3 Bb5 24.Bxb5 axb5 25.Bf4 Bd4+ 26.Kh1 Rxe1 27.Rxe1 Nxd5 28.
Bxd6 Rxa2 29.h4 Ra1 30.Kh2 Kf7 31.Kg3 c4 32.bxc4 bxc4 0-1

[Event "Malmo Open 2021"]
[Site "Malmo Radhus, Stortorget 2, Malmo, Sweden"]
[Date "2021.12.18"]
[Round "5.8"]
[White "Miskulin, Dennis"]
[Black "Seo, Jung Min"]
[Result "0-1"]
[WhiteElo "2171"]
[BlackElo "2459"]
[ECO "B22"]
[TimeControl "15 minutes + 5 seconds per move from move one (Round 1 - 4) / 90 minutes + 30 seconds per move from move one (Round 5 - 8)"]
[BlackTitle "IM"]
[WhiteFideId "1705520"]
[BlackFideId "1734687"]

1.e4 c5 2.c3 d5 3.exd5 Qxd5 4.d4 e6 5.Nf3 Nf6 6.Be2 Be7 7.O-O O-O 8.Na3 
Nc6 9.Nb5 Qd8 10.dxc5 Bxc5 11.b4 Be7 12.Qb3 a6 13.Rd1 Bd7 14.Nbd4 Qc7 15.
Bb2 Nxd4 16.Nxd4 e5 17.Nf3 a5 18.a3 e4 19.Nd4 Bd6 20.h3 e3 21.Bf3 exf2+ 
22.Kxf2 Bh2 23.c4 Rae8 24.Qd3 Bxh3 25.Nf5 Bxf5 26.Qxf5 Bg3+ 27.Kg1 Be5 28.
Bd4 axb4 29.axb4 b6 30.Rac1 Bxd4+ 31.Rxd4 Re5 32.Qd3 h6 33.Rd6 Rfe8 34.Qd4
R5e6 35.Rd1 Rxd6 36.Qxd6 Qxc4 37.Qxb6 Re6 38.Qc5 Qb3 39.b5 g5 40.Rd4 Re1+ 
41.Kh2 Qb1 42.Rd8+ Kg7 43.b6 Rh1+ 44.Kg3 Qe1+ 45.Qf2 Qe5# 0-1

[Event "Malmo Open 2021"]
[Site "Malmo Radhus, Stortorget 2, Malmo, Sweden"]
[Date "2021.12.18"]
[Round "5.9"]
[White "Malmqvist, Glenn"]
[Black "Brynell, Stellan"]
[Result "1/2-1/2"]
[WhiteElo "2157"]
[BlackElo "2418"]
[ECO "B30"]
[TimeControl "15 minutes + 5 seconds per move from move one (Round 1 - 4) / 90 minutes + 30 seconds per move from move one (Round 5 - 8)"]
[BlackTitle "GM"]
[WhiteFideId "1705750"]
[BlackFideId "1700219"]

1.e4 c5 2.Nf3 Nc6 3.Bb5 Qb6 4.Nc3 e6 5.Bxc6 Qxc6 6.O-O a6 7.d4 cxd4 8.Qxd4
f6 9.Be3 b5 10.a3 Ne7 11.Rad1 Qc7 12.Qd2 Ng6 13.Rfe1 Be7 14.h4 O-O 15.Nd5 
Qb7 16.Nb6 Rb8 17.h5 Nh8 18.Nxc8 Rfxc8 19.Qxd7 Qxd7 20.Rxd7 Bc5 21.c3 Nf7 
22.Bxc5 Rxc5 23.Ra7 Rc6 24.Rd1 Rd8 25.Rxd8+ Nxd8 26.Ra8 Rd6 27.e5 fxe5 28.
Nxe5 Kf8 29.Kf1 Ke7 30.Ke2 Kf6 31.f4 g5 32.g3 gxf4 33.gxf4 Nc6 34.Rf8+ Kg7
35.Rf7+ Kh6 36.Nxc6 Rxc6 37.Ke3 Kxh5 38.Rxh7+ Kg6 39.Rh2 Kf6 40.Rh5 Ke7 
41.Re5 Kd6 42.a4 bxa4 43.Ra5 Rb6 44.Rxa4 Rxb2 45.Rxa6+ Kd7 46.Kd4 Rf2 47.
Ke5 Re2+ 48.Kd4 Rf2 49.Ke3 Rc2 50.Kd3 Rf2 51.Ra4 Rf3+ 52.Kc2 Kd6 53.Rd4+ 
Kc5 54.Kd2 Rf2+ 55.Ke3 Rc2 56.Rd3 Rh2 57.Ke4 Rh5 58.Rg3 Kd6 59.Rg6 Rc5 60.
Kd4 Rd5+ 61.Ke4 Rc5 62.Kd4 Rd5+ 63.Ke4 Rc5 1/2-1/2

[Event "Malmo Open 2021"]
[Site "Malmo Radhus, Stortorget 2, Malmo, Sweden"]
[Date "2021.12.18"]
[Round "5.10"]
[White "Lindberg, Bengt"]
[Black "Marttala, Thomas"]
[Result "1/2-1/2"]
[WhiteElo "2367"]
[BlackElo "2161"]
[ECO "C70"]
[TimeControl "15 minutes + 5 seconds per move from move one (Round 1 - 4) / 90 minutes + 30 seconds per move from move one (Round 5 - 8)"]
[WhiteTitle "IM"]
[WhiteFideId "1700359"]
[BlackFideId "1701118"]

1.e4 e5 2.Nf3 Nc6 3.Bb5 a6 4.Ba4 g6 5.c4 Bg7 6.Nc3 Nge7 7.d3 Nd4 8.Nxd4 
exd4 9.Ne2 O-O 10.Bg5 c5 11.O-O f6 12.Bh4 d6 13.Rb1 g5 14.Bg3 f5 15.f3 f4 
16.Be1 Ng6 17.g4 fxg3 18.Bxg3 Bh3 19.Rf2 h5 20.b4 Rf7 21.bxc5 dxc5 22.Rg2 
Bxg2 23.Kxg2 h4 24.Be1 Qf6 25.Ng1 Raf8 26.Rb2 Qe7 27.Rf2 Nf4+ 28.Kh1 Be5 
29.Bc2 Rg7 30.Bd2 Qe6 31.Qf1 g4 32.fxg4 Qxg4 33.Rf3 Rf6 34.Bxf4 Rxf4 35.
Bd1 Rxf3 36.Bxf3 Qg5 1/2-1/2

[Event "Malmo Open 2021"]
[Site "Malmo Radhus, Stortorget 2, Malmo, Sweden"]
[Date "2021.12.18"]
[Round "6.1"]
[White "Smith, Axel"]
[Black "Hector, Jonny"]
[Result "1-0"]
[WhiteElo "2430"]
[BlackElo "2439"]
[ECO "D36"]
[TimeControl "15 minutes + 5 seconds per move from move one (Round 1 - 4) / 90 minutes + 30 seconds per move from move one (Round 5 - 8)"]
[WhiteTitle "GM"]
[BlackTitle "GM"]
[WhiteFideId "1707930"]
[BlackFideId "1700090"]

1.d4 d5 2.c4 e6 3.Nc3 Nf6 4.cxd5 exd5 5.Bg5 c6 6.Qc2 Be7 7.e3 h6 8.Bh4 O-O
9.Bd3 Re8 10.Nge2 Nbd7 11.O-O a5 12.f3 b5 13.Bf2 b4 14.Na4 Ba6 15.Bxa6 
Rxa6 16.Rac1 Qb8 17.Rfd1 Bd6 18.h3 g6 19.b3 Re6 20.Qd2 Ne8 21.e4 dxe4 22.
fxe4 Nc7 23.e5 Bf8 24.Nf4 Re8 25.Be3 c5 26.Nxc5 Bxc5 27.dxc5 Nxe5 28.Rf1 
Rd8 29.Qf2 Rf6 30.Qh4 g5 31.Qg3 Nb5 32.h4 g4 33.Nh5 Rxf1+ 34.Rxf1 Nc3 35.
Kh1 Ng6 36.Nf6+ Kh8 37.Qxb8 Rxb8 38.h5 Ne2 39.Rf2 Kg7 40.hxg6 fxg6 41.Nxg4
Ng3+ 42.Kh2 Nf5 43.Bf4 Rc8 44.Be5+ Kf7 45.Nxh6+ Ke6 46.Nxf5 Kxe5 47.Ne7 
Rxc5 48.Nxg6+ Ke4 49.Re2+ Kd4 50.Nf4 Rc8 51.g4 a4 52.bxa4 Ra8 53.g5 Rxa4 
54.g6 Ra7 55.Kg3 1-0

[Event "Malmo Open 2021"]
[Site "Malmo Radhus, Stortorget 2, Malmo, Sweden"]
[Date "2021.12.18"]
[Round "6.2"]
[White "Kucuksari, Kaan"]
[Black "Sivuk, Vitaly"]
[Result "1-0"]
[WhiteElo "2337"]
[BlackElo "2514"]
[ECO "A62"]
[TimeControl "15 minutes + 5 seconds per move from move one (Round 1 - 4) / 90 minutes + 30 seconds per move from move one (Round 5 - 8)"]
[WhiteTitle "FM"]
[BlackTitle "GM"]
[WhiteFideId "6380166"]
[BlackFideId "14116502"]

1.d4 g6 2.c4 Bg7 3.Nf3 c5 4.d5 d6 5.g3 Nf6 6.Nc3 O-O 7.Bg2 e6 8.O-O exd5 
9.cxd5 Re8 10.Bf4 Ne4 11.Nxe4 Rxe4 12.Nd2 Rxf4 13.gxf4 Bxb2 14.Rb1 Bg7 15.
e4 Nd7 16.Qf3 Bh6 17.Nc4 Nb6 18.Ne3 Qh4 19.f5 gxf5 20.Nxf5 Bxf5 21.Qxf5 
Bf4 22.Bh3 Re8 23.Kh1 Kf8 24.Rg1 h5 25.Rg6 Ke7 26.Rg2 c4 27.a4 Qf6 28.a5 
Qxf5 29.Bxf5 c3 30.e5 Nxd5 31.Rxb7+ Kf8 32.Bh7 Ne7 33.exd6 Bxd6 34.f3 f5 
35.Rc2 Be5 36.Rb5 Nc6 37.Rc5 Nd4 38.R2xc3 Kg7 39.Re3 Kxh7 40.Rcxe5 Rb8 41.
Rd3 Rb4 42.Rd5 Ne2 43.Rxf5 Nf4 44.Rd1 Kg6 45.Rc5 Rb2 46.Rd6+ Kf7 47.Rc7+ 
Ke8 48.Kg1 Nh3+ 49.Kf1 Ng5 50.Rg6 1-0

[Event "Malmo Open 2021"]
[Site "Malmo Radhus, Stortorget 2, Malmo, Sweden"]
[Date "2021.12.18"]
[Round "6.3"]
[White "Akesson, Ralf"]
[Black "Poley, Vladimir"]
[Result "1-0"]
[WhiteElo "2385"]
[BlackElo "2323"]
[ECO "B06"]
[TimeControl "15 minutes + 5 seconds per move from move one (Round 1 - 4) / 90 minutes + 30 seconds per move from move one (Round 5 - 8)"]
[WhiteTitle "GM"]
[BlackTitle "IM"]
[WhiteFideId "1700120"]
[BlackFideId "13500090"]

1.Nf3 g6 2.d4 Bg7 3.e4 c6 4.h3 d5 5.e5 Na6 6.Be2 Nc7 7.O-O Nh6 8.Re1 O-O 
9.Nbd2 f6 10.Nb3 Nf7 11.Bf1 Ne6 12.c3 b6 13.c4 fxe5 14.dxe5 dxc4 15.Bxc4 
Qxd1 16.Rxd1 b5 17.Be2 Nxe5 18.Na5 Nxf3+ 19.Bxf3 Nd4 20.Bxc6 Nxc6 21.Nxc6 
Bf6 22.Bh6 Re8 23.Rd2 a5 24.Nd4 Bd7 25.Nb3 a4 26.Nc5 Bf5 27.g4 Rac8 28.Be3
a3 29.gxf5 Bxb2 30.Rad1 gxf5 31.Ne6 b4 32.Bd4 Bc1 33.Re2 Rc4 34.Ba1 Kf7 
35.Nd4 Rd8 36.Ree1 Bf4 37.Kf1 e5 38.Nf3 Rxd1 39.Rxd1 Ke6 40.Ne1 e4 41.Ke2 
Bc1 42.f3 Bf4 43.fxe4 fxe4 44.Rd4 Rc1 45.Rxe4+ Kd5 46.Rd4+ Ke6 47.Rd1 Rc8 
48.Rb1 Bd6 49.Kd3 Rg8 50.Nf3 Rg3 51.Ke4 Rg2 52.Nd4+ Kd7 53.Rd1 Rxa2 54.Nb5
Re2+ 55.Kd3 Rf2 56.Ke3 Rh2 57.Rxd6+ Ke7 58.Rh6 Rh1 59.Bd4 a2 60.Rxh7+ Ke6 
61.Ra7 Rxh3+ 62.Ke4 b3 63.Ra6+ Kd7 64.Kd5 Rd3 65.Ra7+ Ke8 66.Ke6 Rxd4 67.
Nxd4 1-0

[Event "Malmo Open 2021"]
[Site "Malmo Radhus, Stortorget 2, Malmo, Sweden"]
[Date "2021.12.18"]
[Round "6.4"]
[White "Hillarp Persson, Tiger"]
[Black "Kistrup, Nicolai"]
[Result "1-0"]
[WhiteElo "2520"]
[BlackElo "2300"]
[ECO "A08"]
[TimeControl "15 minutes + 5 seconds per move from move one (Round 1 - 4) / 90 minutes + 30 seconds per move from move one (Round 5 - 8)"]
[WhiteTitle "GM"]
[BlackTitle "FM"]
[WhiteFideId "1700812"]
[BlackFideId "1444816"]

1.Nf3 d5 2.g3 c5 3.Bg2 Nf6 4.O-O e6 5.d3 Nc6 6.Nbd2 Be7 7.e4 O-O 8.Re1 b5 
9.e5 Nd7 10.Nf1 a5 11.h4 b4 12.N1h2 Re8 13.Ng4 Bf8 14.h5 h6 15.Nfh2 Ba6 
16.Bf4 Rc8 17.Nf1 a4 18.a3 bxa3 19.Rxa3 c4 20.d4 Qb6 21.c3 Qxb2 22.Bc1 Qb1
23.Nd2 Qb6 24.Rxa4 Bb5 25.Ra1 Ra8 26.Rxa8 Rxa8 27.Nf1 Ba4 28.Qe2 Qb3 29.
Bd2 Bb5 30.Nfe3 Nxd4 31.Nxh6+ gxh6 32.Qg4+ Kh8 33.Qxd4 Bg7 34.Ng4 Kh7 35.
Be4+ Kh8 36.Bg2 Kh7 37.Be4+ Kh8 38.Bxh6 dxe4 39.Bxg7+ Kxg7 40.Qxe4 Rf8 41.
Qe3 Qc2 42.Qh6+ Kg8 43.Nf6+ Nxf6 44.exf6 Qh7 45.Qg5+ Kh8 46.Qxb5 Qd3 47.
Qg5 Rg8 48.Qh6+ Qh7 49.Qxh7+ Kxh7 50.Re4 Rc8 51.g4 Kh6 52.Re5 Rc7 53.Kg2 
Rd7 54.Kg3 Rd3+ 55.Re3 Rd1 56.Kf4 Rf1 57.g5+ Kh7 58.Rg3 Rxf2+ 59.Ke5 Rh2 
60.g6+ Kg8 61.Kd6 Rxh5 62.Ke7 fxg6 63.f7+ Kh7 64.f8=Q 1-0

[Event "Malmo Open 2021"]
[Site "Malmo Radhus, Stortorget 2, Malmo, Sweden"]
[Date "2021.12.18"]
[Round "6.5"]
[White "Seo, Jung Min"]
[Black "Nilsson, Anders"]
[Result "1-0"]
[WhiteElo "2459"]
[BlackElo "2232"]
[ECO "D53"]
[TimeControl "15 minutes + 5 seconds per move from move one (Round 1 - 4) / 90 minutes + 30 seconds per move from move one (Round 5 - 8)"]
[WhiteTitle "IM"]
[BlackTitle "CM"]
[WhiteFideId "1734687"]
[BlackFideId "1705423"]

1.c4 e6 2.Nf3 Nf6 3.d4 d5 4.Nc3 Be7 5.Bg5 h6 6.Bh4 Nbd7 7.e3 Ne4 8.Bxe7 
Qxe7 9.Qc2 Nxc3 10.Qxc3 c6 11.Bd3 dxc4 12.Bxc4 b6 13.Be2 Bb7 14.O-O O-O 
15.Rfc1 Rfc8 16.b4 a5 17.a3 axb4 18.axb4 c5 19.Rxa8 Rxa8 20.dxc5 bxc5 21.
b5 Ra2 22.Bc4 Ra4 23.Nd2 Qg5 24.Bf1 Rg4 25.f3 Ra4 26.e4 Ne5 27.Rc2 Rd4 28.
Nb3 Nd3 29.Qd2 Qd8 30.Nxd4 Qxd4+ 31.Kh1 c4 32.Bxd3 cxd3 33.Rc3 1-0

[Event "Malmo Open 2021"]
[Site "Malmo Radhus, Stortorget 2, Malmo, Sweden"]
[Date "2021.12.18"]
[Round "6.6"]
[White "Hansen, Lars"]
[Black "Olsen, Filip Boe"]
[Result "1/2-1/2"]
[WhiteElo "2216"]
[BlackElo "2381"]
[ECO "D00"]
[TimeControl "15 minutes + 5 seconds per move from move one (Round 1 - 4) / 90 minutes + 30 seconds per move from move one (Round 5 - 8)"]
[BlackTitle "IM"]
[WhiteFideId "1402528"]
[BlackFideId "1440640"]

1.d4 Nf6 2.Bg5 d5 3.Bxf6 gxf6 4.Nc3 e6 5.e3 c5 6.Qh5 cxd4 7.exd4 Nc6 8.Nf3
Bd7 9.Bb5 a6 10.Bxc6 Bxc6 11.O-O Qc7 12.Rfe1 O-O-O 13.Ne2 Bd6 14.g3 Rdg8 
15.a4 Kb8 16.c3 Be8 17.Kh1 f5 18.Qh6 Rg6 19.Qd2 h5 20.h4 f6 21.Nf4 Bxf4 
22.Qxf4 Qxf4 23.gxf4 Bd7 24.Nh2 Rhg8 25.b3 Kc7 26.Rg1 a5 27.Rxg6 Rxg6 28.
Rg1 Rxg1+ 29.Kxg1 b5 30.axb5 Bxb5 31.Nf1 Bxf1 32.Kxf1 Kb6 33.Ke2 a4 34.
bxa4 Ka5 35.Kd3 Kxa4 36.c4 Kb4 37.c5 Kb5 1/2-1/2

[Event "Malmo Open 2021"]
[Site "Malmo Radhus, Stortorget 2, Malmo, Sweden"]
[Date "2021.12.18"]
[Round "6.7"]
[White "Skytte, Rasmus"]
[Black "Johnson, Daniel"]
[Result "1/2-1/2"]
[WhiteElo "2377"]
[BlackElo "2196"]
[ECO "C78"]
[TimeControl "15 minutes + 5 seconds per move from move one (Round 1 - 4) / 90 minutes + 30 seconds per move from move one (Round 5 - 8)"]
[WhiteTitle "IM"]
[WhiteFideId "1404210"]
[BlackFideId "1721283"]

1.e4 e5 2.Nf3 Nc6 3.Bb5 a6 4.Ba4 Nf6 5.O-O b5 6.Bb3 Bc5 7.d3 d6 8.a4 Rb8 
9.axb5 axb5 10.h3 h6 11.c3 O-O 12.d4 Bb6 13.dxe5 Nxe5 14.Nxe5 dxe5 15.Qf3 
1/2-1/2

[Event "Malmo Open 2021"]
[Site "Malmo Radhus, Stortorget 2, Malmo, Sweden"]
[Date "2021.12.18"]
[Round "6.8"]
[White "Lindgren, Philip"]
[Black "Petersson, Kjell"]
[Result "1-0"]
[WhiteElo "2354"]
[BlackElo "2006"]
[ECO "A04"]
[TimeControl "15 minutes + 5 seconds per move from move one (Round 1 - 4) / 90 minutes + 30 seconds per move from move one (Round 5 - 8)"]
[WhiteTitle "IM"]
[BlackTitle "CM"]
[WhiteFideId "1713230"]
[BlackFideId "1705148"]

1.Nf3 f5 2.g3 Nf6 3.Bg2 e6 4.O-O d5 5.b3 Bd6 6.Bb2 Nbd7 7.c4 c6 8.Nd4 Nb6 
9.Qc2 Qe7 10.Rc1 dxc4 11.bxc4 Nbd7 12.Nc3 O-O 13.Na4 f4 14.c5 Bc7 15.Qb3 
Nd5 16.e4 fxe3 17.dxe3 Ne5 18.e4 Nf6 19.Nf5 Qf7 20.Nd6 Bxd6 21.cxd6 Ng6 
22.f4 h5 23.Rf1 Ng4 24.e5 h4 25.Qd3 Nh6 26.Nc5 Rd8 27.Rad1 Nf8 28.Ne4 hxg3
29.hxg3 a5 30.Ng5 Qf5 31.Be4 Qg4 32.Kg2 Nf5 33.Rh1 Ng6 34.Bc1 Nf8 35.Rh3 
Ng6 36.Bxf5 Qxf5 37.Qxf5 exf5 38.e6 b5 39.Bb2 Bb7 40.Rh7 c5+ 41.Kf2 Bc6 
1-0

[Event "Malmo Open 2021"]
[Site "Malmo Radhus, Stortorget 2, Malmo, Sweden"]
[Date "2021.12.18"]
[Round "6.9"]
[White "Kristensen, Kaare Hove"]
[Black "Ask, Josef"]
[Result "0-1"]
[WhiteElo "2328"]
[BlackElo "2145"]
[ECO "E97"]
[TimeControl "15 minutes + 5 seconds per move from move one (Round 1 - 4) / 90 minutes + 30 seconds per move from move one (Round 5 - 8)"]
[WhiteTitle "IM"]
[BlackTitle "FM"]
[WhiteFideId "1400940"]
[BlackFideId "1704583"]

1.Nf3 Nf6 2.c4 g6 3.Nc3 Bg7 4.e4 d6 5.d4 O-O 6.Be2 e5 7.O-O Nc6 8.dxe5 
Nxe5 9.Nxe5 dxe5 10.Be3 c6 11.Qa4 Qe7 12.b4 Nd7 13.b5 Qe6 14.c5 Re8 15.
Rfd1 Bf8 16.bxc6 bxc6 17.Nd5 cxd5 18.exd5 Qf6 19.d6 Rd8 20.Bf3 Rb8 21.Qxa7
Rb4 22.a3 Rc4 23.Bd5 Rc2 24.c6 Bxd6 25.cxd7 Rxd7 26.Qb6 Be7 27.a4 Kg7 28.
a5 Ba6 29.h3 Be2 30.a6 Bxd1 31.Rxd1 Qxb6 32.Bxb6 Bc5 33.a7 Rxa7 34.Bxa7 
Bxa7 35.Rf1 Rd2 36.Ba8 Bd4 37.g3 f5 38.Bb7 Kf6 39.Bc6 e4 40.Bb7 Kg5 41.Bc6
Kf6 42.Bb7 h5 43.Bc6 g5 44.Be8 h4 45.gxh4 gxh4 46.Bc6 Ke5 47.Bb7 Rc2 48.
Ba6 Kf4 49.Kg2 Rc6 50.Be2 Rc2 51.Bb5 Ke5 52.Kg1 f4 53.Bd7 f3 54.Bg4 Kf4 
55.Bh5 Re2 56.Bg4 Kg5 57.Bd7 Be5 58.Bg4 Rd2 59.Re1 Kf4 60.Rf1 Bd4 61.Bh5 
Bc5 62.Bg4 Ke5 63.Bh5 Rc2 64.Bg4 Rd2 65.Bh5 Kd4 66.Bg4 Kd3 67.Bf5 Rb2 68.
Bg6 Rb6 69.Be8 Ke2 70.Bf7 Rb4 71.Bh5 e3 72.Bxf3+ Kxf3 73.fxe3+ Kg3 74.Kh1 
Rb2 75.Rg1+ Kxh3 76.Rg2 Rxg2 0-1

[Event "Malmo Open 2021"]
[Site "Malmo Radhus, Stortorget 2, Malmo, Sweden"]
[Date "2021.12.18"]
[Round "6.10"]
[White "Brynell, Stellan"]
[Black "Eriksson, Christian Altenburg"]
[Result "1-0"]
[WhiteElo "2418"]
[BlackElo "2145"]
[ECO "D79"]
[TimeControl "15 minutes + 5 seconds per move from move one (Round 1 - 4) / 90 minutes + 30 seconds per move from move one (Round 5 - 8)"]
[WhiteTitle "GM"]
[WhiteFideId "1700219"]
[BlackFideId "1412159"]

1.d4 Nf6 2.Nf3 g6 3.g3 Bg7 4.Bg2 c5 5.c3 cxd4 6.cxd4 d5 7.Nc3 O-O 8.Ne5 
Nc6 9.O-O e6 10.Nxc6 bxc6 11.Bf4 Nh5 12.Be3 Rb8 13.Na4 c5 14.dxc5 Bd7 15.
Rc1 Bc6 16.b3 Qd7 17.Qc2 Bxa4 18.bxa4 Rb2 19.c6 Qc7 20.Qc5 Rc8 21.a3 Rb3 
22.a5 Bb2 23.Rc2 a6 24.Qb6 Rxb6 25.axb6 Qb8 26.Rxb2 Qe5 27.b7 Re8 28.Rfb1 
1-0

[Event "Malmo Open 2021"]
[Site "Malmo Radhus, Stortorget 2, Malmo, Sweden"]
[Date "2021.12.19"]
[Round "7.1"]
[White "Akesson, Ralf"]
[Black "Smith, Axel"]
[Result "1/2-1/2"]
[WhiteElo "2385"]
[BlackElo "2430"]
[ECO "D12"]
[TimeControl "15 minutes + 5 seconds per move from move one (Round 1 - 4) / 90 minutes + 30 seconds per move from move one (Round 5 - 8)"]
[WhiteTitle "GM"]
[BlackTitle "GM"]
[WhiteFideId "1700120"]
[BlackFideId "1707930"]

1.Nf3 d5 2.d4 Nf6 3.c4 c6 4.e3 Bf5 5.Nc3 a6 6.Be2 h6 7.O-O e6 8.c5 Nbd7 9.
b4 Be7 10.Bd2 O-O 11.Qb3 Qc7 12.a4 b6 13.cxb6 Qxb6 14.b5 axb5 15.axb5 Rfb8
16.Rfc1 Rxa1 17.Rxa1 Ne4 18.Nxe4 Bxe4 19.Ra5 cxb5 1/2-1/2

[Event "Malmo Open 2021"]
[Site "Malmo Radhus, Stortorget 2, Malmo, Sweden"]
[Date "2021.12.19"]
[Round "7.2"]
[White "Hillarp Persson, Tiger"]
[Black "Kucuksari, Kaan"]
[Result "1/2-1/2"]
[WhiteElo "2520"]
[BlackElo "2337"]
[ECO "A80"]
[TimeControl "15 minutes + 5 seconds per move from move one (Round 1 - 4) / 90 minutes + 30 seconds per move from move one (Round 5 - 8)"]
[WhiteTitle "GM"]
[BlackTitle "FM"]
[WhiteFideId "1700812"]
[BlackFideId "6380166"]

1.d4 f5 2.Bf4 Nf6 3.e3 e6 4.Bd3 b6 5.Qf3 Nc6 6.a3 Bb7 7.h4 Qe7 8.h5 O-O-O 
9.Qg3 d6 10.Nf3 Qe8 11.Qh3 Kb8 12.Bg5 Be7 13.Nbd2 g6 14.hxg6 hxg6 15.Qxh8 
Qxh8 16.Rxh8 Rxh8 17.Ke2 e5 18.dxe5 Nxe5 19.Nxe5 dxe5 20.Rg1 Rh5 21.Bxf6 
Bxf6 22.e4 f4 23.g4 Rh7 24.g5 Be7 25.Nf3 Bd6 26.Rg4 Bc8 27.Rh4 Rxh4 28.
Nxh4 Be6 29.a4 Bf7 30.b3 Kc8 31.Bc4 Be8 32.Bg8 Kd8 33.Bh7 Be7 34.Nf3 Bd6 
35.Kd3 Bf7 36.Nh4 Be7 37.Nf3 Bd6 38.c4 a5 39.Ke2 Be8 40.Kf1 Bf7 41.Ke1 
Bb4+ 42.Ke2 Bd6 43.Kd3 Be8 44.Nh4 Be7 45.Nf3 Bd6 46.Kd2 Bb4+ 47.Ke2 Bd6 
48.Kd3 Bf7 49.Nh4 Be7 50.Bxg6 Bxg5 51.Bxf7 1/2-1/2

[Event "Malmo Open 2021"]
[Site "Malmo Radhus, Stortorget 2, Malmo, Sweden"]
[Date "2021.12.19"]
[Round "7.3"]
[White "Hector, Jonny"]
[Black "Seo, Jung Min"]
[Result "1/2-1/2"]
[WhiteElo "2439"]
[BlackElo "2459"]
[ECO "C47"]
[TimeControl "15 minutes + 5 seconds per move from move one (Round 1 - 4) / 90 minutes + 30 seconds per move from move one (Round 5 - 8)"]
[WhiteTitle "GM"]
[BlackTitle "IM"]
[WhiteFideId "1700090"]
[BlackFideId "1734687"]

1.e4 e5 2.Nf3 Nc6 3.Nc3 Nf6 4.d4 exd4 5.Nd5 Nb4 6.Bc4 Nbxd5 7.exd5 Bb4+ 8.
Kf1 O-O 9.Qxd4 Re8 10.Bg5 Be7 11.Re1 d6 12.h4 Bd7 13.Bd3 c5 14.Qf4 b5 15.
c3 h6 16.Bxf6 Bxf6 17.Qxd6 Rxe1+ 18.Nxe1 c4 19.Be2 Bxh4 20.Nf3 Bf6 21.Qf4 
Qb6 22.g4 g5 23.Qh2 Bg7 24.Nd4 Re8 25.Bf3 b4 26.Nc6 bxc3 27.bxc3 Bxc3 28.
Qxh6 Bg7 29.Qxg5 Qc5 30.Qh5 c3 31.Kg2 Kf8 32.Qh7 Qc4 33.Qh2 Qc5 34.Qc7 
Bxc6 35.Qxc6 Rc8 36.Qb7 Qc7 37.Qb4+ Qc5 38.Qb7 Qc7 39.d6 Qxb7 40.Bxb7 Rd8 
41.Rd1 Bh6 42.Be4 Bd2 43.Rb1 Rxd6 44.Bc2 Ra6 45.Rb8+ Kg7 46.Bb3 Rc6 47.Bc2
Rc7 48.Kf3 Bg5 49.Rb5 Bf6 50.g5 Bd4 51.Rd5 Bb6 52.Ke2 Re7+ 53.Kd3 Bxf2 54.
Kxc3 1/2-1/2

[Event "Malmo Open 2021"]
[Site "Malmo Radhus, Stortorget 2, Malmo, Sweden"]
[Date "2021.12.19"]
[Round "7.4"]
[White "Ask, Josef"]
[Black "Lindgren, Philip"]
[Result "1/2-1/2"]
[WhiteElo "2145"]
[BlackElo "2354"]
[ECO "B15"]
[TimeControl "15 minutes + 5 seconds per move from move one (Round 1 - 4) / 90 minutes + 30 seconds per move from move one (Round 5 - 8)"]
[WhiteTitle "FM"]
[BlackTitle "IM"]
[WhiteFideId "1704583"]
[BlackFideId "1713230"]

1.e4 c6 2.d4 d5 3.Nd2 dxe4 4.Nxe4 Nf6 5.Nxf6+ exf6 6.c3 Bd6 7.Bd3 O-O 8.
Qc2 Re8+ 9.Ne2 h5 10.Be3 Nd7 11.O-O-O Nf8 12.h3 Be6 13.g4 h4 14.Rhg1 Qd7 
15.Kb1 b5 16.Qd2 Bd5 17.Qc2 Bh2 18.Rge1 Ng6 19.Ka1 a5 20.Bf5 Qc7 21.g5 
fxg5 22.Bxg5 Qd6 1/2-1/2

[Event "Malmo Open 2021"]
[Site "Malmo Radhus, Stortorget 2, Malmo, Sweden"]
[Date "2021.12.19"]
[Round "7.5"]
[White "Sivuk, Vitaly"]
[Black "Poley, Vladimir"]
[Result "1-0"]
[WhiteElo "2514"]
[BlackElo "2323"]
[ECO "B01"]
[TimeControl "15 minutes + 5 seconds per move from move one (Round 1 - 4) / 90 minutes + 30 seconds per move from move one (Round 5 - 8)"]
[WhiteTitle "GM"]
[BlackTitle "IM"]
[WhiteFideId "14116502"]
[BlackFideId "13500090"]

1.e4 d5 2.exd5 Qxd5 3.Nc3 Qa5 4.d4 Nf6 5.Nf3 Bg4 6.h3 Bh5 7.g4 Bg6 8.Ne5 
Nbd7 9.Nc4 Qa6 10.Bf4 Qe6+ 11.Ne3 O-O-O 12.d5 Qb6 13.Nc4 Qa6 14.Nd6+ Qxd6 
15.Bxd6 exd6 16.Qd4 Re8+ 17.Be2 Nb6 18.O-O-O Nfxd5 19.Rhe1 Nxc3 20.Qxc3 
Be7 21.f4 f6 22.Bc4 Nxc4 23.Qxc4 Rhf8 24.Qd4 a6 25.Qa7 c6 26.Rxe7 Rxe7 27.
Qa8+ Kc7 28.Qxf8 1-0

[Event "Malmo Open 2021"]
[Site "Malmo Radhus, Stortorget 2, Malmo, Sweden"]
[Date "2021.12.19"]
[Round "7.6"]
[White "Boe, Mads"]
[Black "Brynell, Stellan"]
[Result "1/2-1/2"]
[WhiteElo "2267"]
[BlackElo "2418"]
[ECO "D35"]
[TimeControl "15 minutes + 5 seconds per move from move one (Round 1 - 4) / 90 minutes + 30 seconds per move from move one (Round 5 - 8)"]
[WhiteTitle "FM"]
[BlackTitle "GM"]
[WhiteFideId "1401408"]
[BlackFideId "1700219"]

1.d4 Nf6 2.Nf3 d5 3.c4 e6 4.cxd5 exd5 5.Nc3 c6 6.Bg5 Be7 7.e3 Bf5 8.Bd3 
Bxd3 9.Qxd3 Nbd7 10.O-O O-O 11.h3 Nh5 12.Bxe7 Qxe7 13.Rfe1 Rfe8 14.Qc2 
Nhf6 15.a3 a5 16.Nd2 Qd6 17.Rad1 Rad8 18.Qa4 Qc7 19.Qc2 Qd6 20.Qa4 Qc7 
1/2-1/2